[Event "Team 45 45 League T100"]
[Site "Internet Chess Club"]
[Date "2024.05.22"]
[Round "1"]
[White "Megasus"]
[Black "evan7284"]
[Result "1/2-1/2"]
[WhiteElo "1554"]
[BlackElo "1631"]
[Opening "Queen's pawn game"]
[ECO "D02"]
[Time "14:30:18"]
[PlyCount "89"]
[TimeControl "2700+45"]

1. Nf3 d5 2. d4 Bf5 3. e3 e6 4. c3 c6 5. Nbd2 h6 6. a3 Nf6 7. h3 Nbd7 8. b3 Bd6
9. c4 Ne4 10. Bb2 Qe7 11. c5 Bc7 12. b4 O-O 13. Nxe4 Bxe4 14. Ne5 Nxe5 15. dxe5
Qg5 16. Qg4 Qxg4 17. hxg4 Bd8 18. f3 Bg6 19. Be2 Be7 20. Bd4 a6 21. Kd2 f6 22.
f4 fxe5 23. Bxe5 Bf6 24. Bxf6 Rxf6 25. Bd3 Bxd3 26. Kxd3 Rd8 27. Kd4 Kf7 28.
Raf1 Ke7 29. Rh5 Rdf8 30. Ke5 Rg6 31. Rh4 Rgf6 32. Rf3 Rg6 33. g3 Rgf6 34. f5
Kd7 35. Rh5 Ke7 36. Rf4 Kd7 37. e4 dxe4 38. Rxe4 exf5 39. Rxf5 Re8+ 40. Kd4
Rxe4+ 41. Kxe4 Ke7 42. Re5+ Re6 43. Kd4 Kf6 44. Rxe6+ Kxe6 45. Ke4 {Game drawn
by mutual agreement} 1/2-1/2

[Event "Team 45 45 League T100"]
[Site "Internet Chess Club"]
[Date "2024.05.17"]
[Round "1"]
[White "BIRDSMAN"]
[Black "Denis240964"]
[Result "1-0"]
[WhiteElo "1341"]
[BlackElo "1318"]
[Opening "Colle system"]
[ECO "D05"]
[Time "14:00:24"]
[PlyCount "93"]
[TimeControl "2700+45"]

1. d4 d5 2. Nf3 e6 3. e3 Nf6 4. Bd3 c5 5. c3 Nc6 6. Nbd2 c4 7. Bc2 Be7 8. O-O
O-O 9. Re1 b5 10. e4 dxe4 11. Nxe4 Bb7 12. Qe2 Qd7 13. Nfg5 h6 14. Nxf6+ Bxf6
15. Nh7 Qe7 16. Nxf8 Rxf8 17. Qe4 g6 18. Bxh6 Nd8 19. Qg4 Bg7 20. Bg5 f6 21. Bf4
f5 22. Qg5 Qf7 23. Be5 Re8 24. Bxg7 Kxg7 25. Qf4 Re7 26. Qe5+ Kg8 27. Rad1 Bd5
28. Re3 Nc6 29. Qf4 Kf8 30. Rh3 Ke8 31. Rh8+ Kd7 32. b3 Qg7 33. Qh6 Qf7 34. Rf8
Qg7 35. Qxg7 Rxg7 36. Rh8 g5 37. g4 Bf3 38. Rd2 Bxg4 39. d5 Ne5 40. dxe6+ Ke7
41. Bd1 Bxd1 42. Rxd1 Nd3 43. Rh6 f4 44. bxc4 bxc4 45. Rb1 Kd6 46. e7+ Kxe7 47.
Rb7+ {Black resigns} 1-0

[Event "Team 45 45 League T100"]
[Site "Internet Chess Club"]
[Date "2024.05.18"]
[Round "1"]
[White "smsxman"]
[Black "BrerRabbit"]
[Result "0-1"]
[WhiteElo "1320"]
[BlackElo "1295"]
[Opening "Caro-Kann defense"]
[ECO "B11"]
[Time "20:03:47"]
[PlyCount "84"]
[TimeControl "2700+45"]

1. e4 c6 2. Nc3 d5 3. exd5 cxd5 4. d4 Nc6 5. Nf3 Bf5 6. Bb5 a6 7. Bxc6+ bxc6 8.
O-O h6 9. Ne5 Qc8 10. Be3 e6 11. Re1 Nf6 12. a3 Bd6 13. Bf4 Qc7 14. Bg3 O-O 15.
b4 Rab8 16. Na4 Ne4 17. c3 a5 18. Rc1 Rb7 19. Nc5 Nxc5 20. bxc5 Bxe5 21. Bxe5
Qd7 22. g4 Bg6 23. Bd6 Rd8 24. h3 Qc8 25. f4 Be4 26. c4 Qa8 27. cxd5 Bxd5 28.
Kh2 Rdd7 29. g5 Rb3 30. gxh6 g6 31. Rg1 Rxa3 32. Rc2 Rb7 33. Qc1 Rbb3 34. Qf1
Qa6 35. f5 Qxf1 36. Rxf1 Rxh3+ 37. Kg1 Rh1+ 38. Kf2 Rf3+ 39. Ke2 Rhxf1 40. Bg3
a4 41. fxg6 fxg6 42. Rc3 Rxc3 {White resigns} 0-1

[Event "Team 45 45 League T100"]
[Site "Internet Chess Club"]
[Date "2024.05.15"]
[Round "1"]
[White "QuieroAprender"]
[Black "VictorRed"]
[Result "0-1"]
[WhiteElo "1691"]
[BlackElo "1679"]
[Opening "French: Tarrasch, Guimard variation"]
[ECO "C04"]
[Time "21:06:05"]
[PlyCount "78"]
[TimeControl "2700+45"]

1. e4 e6 2. d4 d5 3. Nd2 Nc6 4. c3 Be7 5. Ngf3 h6 6. Bd3 Nf6 7. e5 Nd7 8. a4 b6
9. b4 Bb7 10. Bb2 Ncb8 11. b5 c5 12. Ba3 c4 13. Bxe7 Qxe7 14. Bc2 O-O 15. h4 f5
16. exf6 Qxf6 17. Qe2 Re8 18. O-O-O e5 19. dxe5 Nxe5 20. Nxe5 Rxe5 21. Qf3 Qe7
22. Qg3 Nd7 23. Qg6 Nf6 24. Nf3 Re2 25. Nd4 Rxf2 26. Nf5 Rxf5 27. Qxf5 Qa3+ 28.
Kb1 Qxc3 29. g4 d4 30. Qe6+ Kh8 31. g5 d3 32. Rh2 Re8 33. Qf7 Bd5 34. Qg6 Be4
35. Qf7 dxc2+ 36. Rxc2 Qxc2+ 37. Ka1 Qxd1+ 38. Kb2 Qc2+ 39. Ka1 Qb1# {White
checkmated} 0-1

[Event "Team 45 45 League T100"]
[Site "Internet Chess Club"]
[Date "2024.05.20"]
[Round "1"]
[White "vollmerj"]
[Black "justice02"]
[Result "0-1"]
[WhiteElo "1535"]
[BlackElo "1539"]
[Opening "Réti: King's Indian attack (Barcza system)"]
[ECO "A07"]
[Time "20:30:35"]
[PlyCount "116"]
[TimeControl "2700+45"]

1. Nf3 d5 2. g3 Nf6 3. Bg2 Nbd7 4. d4 c6 5. O-O g6 6. c3 Bg7 7. Nbd2 O-O 8. Re1
e5 9. dxe5 Ng4 10. e4 Ngxe5 11. Nxe5 Nxe5 12. exd5 Nd3 13. Re3 Nxc1 14. Rxc1
cxd5 15. Rd3 Be6 16. Nb3 Qb6 17. Bxd5 Bf5 18. Rd2 Bh6 19. Nd4 Bxd2 20. Qxd2 Bh3
21. Bg2 Bxg2 22. Kxg2 Rad8 23. Qc2 Rd5 24. Qb3 Qxb3 25. axb3 Rfd8 26. Ra1 a6 27.
Ra4 h5 28. Rc4 R8d7 29. Rc8+ Kg7 30. Rc4 a5 31. Kf3 R7d6 32. Rc7 Rb6 33. Ke4
Rdd6 34. Rc5 a4 35. b4 Rd7 36. Ra5 Ra6 37. Rxa6 bxa6 38. Kd3 Kf6 39. h4 Ke5 40.
f4+ Kd5 41. c4+ Kd6 42. Ke4 Re7+ 43. Kd3 Re1 44. b5 Kc5 45. b4+ axb3 46. Nxb3+
Kb6 47. bxa6 Rg1 48. Kd4 Rxg3 49. Nc5 Rg4 50. Nd7+ Kxa6 51. Ke5 Rxh4 52. c5 Kb7
53. Nf6 Kc6 54. Ne4 Rg4 55. Nf6 Kxc5 56. Nxg4 hxg4 57. Ke4 f5+ 58. Ke3 Kd5
{White resigns} 0-1

[Event "Team 45 45 League T100"]
[Site "Internet Chess Club"]
[Date "2024.05.17"]
[Round "1"]
[White "RD1974"]
[Black "isolani"]
[Result "1-0"]
[WhiteElo "1576"]
[BlackElo "1399"]
[Opening "King's Indian defense, 3.Nc3"]
[ECO "E61"]
[Time "18:00:41"]
[PlyCount "59"]
[TimeControl "2700+45"]

1. d4 Nf6 2. c4 g6 3. Nc3 Bg7 4. g3 O-O 5. Bg2 Nc6 6. Nf3 d5 7. cxd5 Nxd5 8. e4
Nb6 9. d5 Ne5 10. Nxe5 Bxe5 11. Bh6 Bg7 12. Bxg7 Kxg7 13. O-O h5 14. h3 e6 15.
Qd4+ f6 16. f4 exd5 17. exd5 Bf5 18. Rfe1 Qd7 19. Kh2 Rae8 20. b3 Re7 21. Rxe7+
Qxe7 22. a4 a6 23. Rd1 Qd6 24. Be4 Bxe4 25. Nxe4 Qa3 26. Nc5 Rf7 27. d6 cxd6 28.
Qxd6 Qa2+ 29. Rd2 Qb1 30. Qxb6 {Black resigns} 1-0

[Event "Team 45 45 League T100"]
[Site "Internet Chess Club"]
[Date "2024.05.18"]
[Round "1"]
[White "seattleblues"]
[Black "mongmong"]
[Result "1-0"]
[WhiteElo "1347"]
[BlackElo "1420"]
[Opening "QGD semi-Slav: Meran variation"]
[ECO "D47"]
[Time "21:01:25"]
[PlyCount "63"]
[TimeControl "2700+45"]

1. d4 e6 2. Nf3 d5 3. c4 Nf6 4. Nc3 c6 5. e3 Nbd7 6. Bd3 dxc4 7. Bxc4 b5 8. Bb3
b4 9. Ne2 Bd6 10. O-O O-O 11. Bd2 a5 12. Rc1 Qb6 13. Qc2 c5 14. e4 cxd4 15.
Nexd4 Ne5 16. Nxe5 Bxe5 17. Nf3 Nd7 18. Be3 Qb7 19. Nxe5 Nxe5 20. f4 Ng6 21. f5
exf5 22. exf5 Nh4 23. f6 Bf5 24. Qf2 Be4 25. Qxh4 Bxg2 26. Rf2 Be4 27. fxg7 Kxg7
28. Qh6+ Kg8 29. Qg5+ Bg6 30. Rcf1 Kh8 31. Bd4+ Kg8 32. Qh6 {Black resigns} 1-0

[Event "Team 45 45 League T100"]
[Site "Internet Chess Club"]
[Date "2024.05.17"]
[Round "1"]
[White "clarinetref"]
[Black "elmaestro"]
[Result "0-1"]
[WhiteElo "1512"]
[BlackElo "1658"]
[Opening "Sicilian defense"]
[ECO "B20"]
[Time "20:09:35"]
[PlyCount "84"]
[TimeControl "2700+45"]

1. e4 c5 2. b3 d6 3. Bb2 e5 4. Bc4 Nf6 5. Nc3 a6 6. a4 Nc6 7. d3 Nd4 8. Nge2 Bg4
9. O-O Rb8 10. a5 Be7 11. f3 Bd7 12. Nd5 Nxd5 13. Bxd5 Bc6 14. Bc4 d5 15. Bxd5
Bxd5 16. exd5 Qxd5 17. Nxd4 cxd4 18. f4 Bd6 19. fxe5 Bxe5 20. Qe2 O-O 21. Qf3
Qd6 22. g3 Rbc8 23. Ba3 Qc7 24. Bxf8 Rxf8 25. Rfe1 f6 26. Re2 Qd7 27. Rf1 Re8
28. Rfe1 h6 29. Re4 Kh8 30. Qe2 Qc6 31. Qd2 Qc7 32. Rxd4 Bxd4+ 33. Kg2 Rxe1 34.
Qxe1 Qxc2+ 35. Kh3 Qxd3 36. Qe8+ Kh7 37. Qe6 Be5 38. Qf7 Qf1+ 39. Kh4 Qg2 40.
Qd7 Qxh2+ 41. Qh3 g5+ 42. Kg4 f5+ {White resigns} 0-1

[Event "Team 45 45 League T100"]
[Site "Internet Chess Club"]
[Date "2024.05.19"]
[Round "1"]
[White "Maybeiwill"]
[Black "DaveTheRook"]
[Result "1-0"]
[WhiteElo "1550"]
[BlackElo "1426"]
[Opening "Sicilian: Najdorf, Adams attack"]
[ECO "B90"]
[Time "12:11:33"]
[PlyCount "47"]
[TimeControl "2700+45"]

1. e4 c5 2. Nf3 d6 3. d4 cxd4 4. Nxd4 Nf6 5. Nc3 a6 6. h3 e5 7. Nf3 Qc7 8. a4
Be7 9. Be2 h6 10. Nh2 Be6 11. Ng4 Nbd7 12. Ne3 Rc8 13. O-O O-O 14. a5 Nc5 15.
Ncd5 Nxd5 16. exd5 Bd7 17. Nc4 Bb5 18. Nb6 Bxe2 19. Qxe2 Rcd8 20. Ra3 Qb8 21.
Rg3 Bf6 22. Bxh6 Rfe8 23. Qf3 e4 24. Qxf6 {Black resigns} 1-0

[Event "Team 45 45 League T100"]
[Site "Internet Chess Club"]
[Date "2024.05.17"]
[Round "1"]
[White "garytd"]
[Black "burlap"]
[Result "1-0"]
[WhiteElo "1516"]
[BlackElo "1459"]
[Opening "French: Two knights variation"]
[ECO "C00"]
[Time "20:00:18"]
[PlyCount "113"]
[TimeControl "2700+45"]

1. e4 e6 2. Nc3 d5 3. Nf3 Nf6 4. e5 Nfd7 5. d4 c5 6. dxc5 Nc6 7. Bf4 Nxc5 8. Be2
Be7 9. O-O O-O 10. Nd4 Bd7 11. Nf3 Re8 12. Nb5 Qb6 13. b3 Nxe5 14. Nxe5 Bxb5 15.
c4 Bc6 16. Bh5 g6 17. Bg4 f5 18. Bf3 dxc4 19. Bxc6 bxc6 20. Nxc4 Qb7 21. Qf3
Rad8 22. Rad1 Rxd1 23. Rxd1 Rd8 24. Rxd8+ Bxd8 25. Qe3 Bb6 26. Nxb6 axb6 27. h4
Qd7 28. Qe5 Qd5 29. Qb8+ Kf7 30. Qh8 Qd1+ 31. Kh2 Qh5 32. g3 Nd7 33. Qd8 Nf6 34.
Bg5 Ne4 35. Qe7+ Kg8 36. Qxe6+ Kg7 37. Qd7+ Kg8 38. Qd8+ Kf7 39. Be3 Nf6 40.
Bxb6 Qh6 41. Qc7+ Ke6 42. Qxc6+ Kf7 43. a4 Qd2 44. Qc7+ Ke6 45. Qc8+ Qd7 46.
Qc4+ Qd5 47. Qxd5+ Nxd5 48. a5 Nxb6 49. axb6 Kd7 50. Kg2 Kc6 51. Kf3 Kxb6 52.
Kf4 Kc6 53. Kg5 Kd6 54. Kh6 Ke6 55. Kxh7 Kf6 56. b4 Ke6 57. Kxg6 {Black resigns}
1-0

[Event "Team 45 45 League T100"]
[Site "Internet Chess Club"]
[Date "2024.05.21"]
[Round "1"]
[White "Visin"]
[Black "Electryon"]
[Result "0-1"]
[WhiteElo "1279"]
[BlackElo "1518"]
[Opening "Four knights: Scotch, 4...exd4"]
[ECO "C47"]
[Time "15:00:24"]
[PlyCount "40"]
[TimeControl "2700+45"]

1. e4 e5 2. Nf3 Nc6 3. Nc3 Nf6 4. d4 exd4 5. Nxd4 Bb4 6. Bg5 h6 7. Nxc6 bxc6 8.
Bd2 Qe7 9. f3 d5 10. Bd3 O-O 11. O-O Bxc3 12. Bxc3 dxe4 13. Bxf6 Qxf6 14. Bxe4
Qxb2 15. Kh1 Qf6 16. Rb1 Ba6 17. Rf2 Rad8 18. Rd2 Bb5 19. Rb4 Rxd2 20. Qxd2 Qa1+
{White resigns} 0-1

[Event "Team 45 45 League T100"]
[Site "Internet Chess Club"]
[Date "2024.05.15"]
[Round "1"]
[White "Kingofknights"]
[Black "Manch"]
[Result "1-0"]
[WhiteElo "1513"]
[BlackElo "1452"]
[Opening "QGD semi-Slav"]
[ECO "D43"]
[Time "17:00:21"]
[PlyCount "81"]
[TimeControl "2700+45"]

1. d4 d5 2. c4 c6 3. Nf3 e6 4. Nc3 Nf6 5. Bg5 Be7 6. e3 Nbd7 7. Qc2 Ng4 8. Bxe7
Qxe7 9. h3 Nh6 10. Bd3 Nf6 11. O-O-O dxc4 12. Bxc4 Nf5 13. e4 Nd6 14. Be2 Nd7
15. e5 Nf5 16. g4 Nh4 17. Ne4 O-O 18. Kb1 Nxf3 19. Bxf3 Nb6 20. Nd6 Nd5 21. Be4
g6 22. Qd2 f5 23. Bxd5 cxd5 24. f4 a5 25. gxf5 exf5 26. h4 b6 27. h5 Be6 28.
hxg6 hxg6 29. Qg2 Qg7 30. Rd3 g5 31. fxg5 Ra7 32. Rb3 Rb8 33. g6 Qf8 34. Rbh3
Qg7 35. Rh7 f4 36. Rxg7+ Rxg7 37. Qh2 Kf8 38. Qxf4+ Ke7 39. Qf6+ Kd7 40. Qxg7+
Kc6 41. Rc1# {Black checkmated} 1-0

[Event "Team 45 45 League T100"]
[Site "Internet Chess Club"]
[Date "2024.05.20"]
[Round "1"]
[White "Constrictor"]
[Black "Balderdash"]
[Result "1-0"]
[WhiteElo "1411"]
[BlackElo "1159"]
[Opening "Queen's pawn game, Chigorin variation"]
[ECO "A04"]
[Time "20:01:59"]
[PlyCount "71"]
[TimeControl "2700+45"]

1. Nf3 Nc6 2. d4 d5 3. c4 dxc4 4. d5 Nb4 5. Qa4+ b5 6. Qxb5+ Bd7 7. Qxb4 e5 8.
Qxc4 Nf6 9. Bg5 Bd6 10. e4 a6 11. Qc2 Bb4+ 12. Nbd2 c5 13. Be2 h6 14. Bxf6 Bxd2+
15. Qxd2 Qxf6 16. O-O O-O 17. Qc3 Bg4 18. Rfe1 Bxf3 19. Bxf3 Qd6 20. Rac1 Rfc8
21. Bg4 Rc7 22. Re3 g6 23. Qd2 h5 24. Be2 Kg7 25. Rg3 Rh8 26. Qg5 h4 27. Rgc3 f6
28. Qe3 Rhc8 29. Bg4 f5 30. exf5 Qxd5 31. f6+ Kf7 32. Bxc8 Rxc8 33. Rxc5 Rxc5
34. Qxc5 Qd2 35. Qe7+ Kg8 36. Qg7# {Black checkmated} 1-0

[Event "Team 45 45 League T100"]
[Site "Internet Chess Club"]
[Date "2024.05.17"]
[Round "1"]
[White "oldbookseller"]
[Black "rgadoury"]
[Result "1-0"]
[WhiteElo "939"]
[BlackElo "1147"]
[Opening "Modern defense"]
[ECO "A40"]
[Time "14:02:39"]
[PlyCount "43"]
[TimeControl "2700+45"]

1. d4 g6 2. e3 d5 3. Nf3 Bg7 4. Nbd2 Nc6 5. c3 Nf6 6. Bd3 O-O 7. O-O e6 8. h3
Re8 9. Qe2 e5 10. dxe5 Nxe5 11. c4 Nxf3+ 12. Nxf3 dxc4 13. Bxc4 c6 14. Ng5 Be6
15. Qc2 Nd5 16. Rd1 Qxg5 17. e4 Nb4 18. Qb3 Bxc4 19. Qxc4 Qh5 20. Rd7 Rf8 21.
Qxb4 Qd1+ 22. Rxd1 {Black resigns} 1-0

[Event "Team 45 45 League T100"]
[Site "Internet Chess Club"]
[Date "2024.05.17"]
[Round "1"]
[White "noblitz-oblige"]
[Black "burlap"]
[Result "1-0"]
[WhiteElo "1491"]
[BlackElo "1474"]
[Opening "French: Winawer (Nimzovich) variation"]
[ECO "C15"]
[Time "09:00:16"]
[PlyCount "95"]
[TimeControl "2700+45"]

1. e4 e6 2. d4 d5 3. Nc3 Bb4 4. exd5 exd5 5. Nf3 Ne7 6. Be2 Bf5 7. O-O O-O 8.
Bf4 Ng6 9. Bg3 c6 10. h3 Nd7 11. Bd3 Bxd3 12. Qxd3 Re8 13. Rfe1 Nf6 14. Rxe8+
Qxe8 15. Re1 Qd7 16. Ne5 Nxe5 17. dxe5 Bxc3 18. bxc3 Re8 19. Re3 Nh5 20. Bh2 f5
21. Qe2 f4 22. e6 Qe7 23. Re5 g6 24. Qg4 Qf6 25. Rxh5 Qxe6 26. Bxf4 Qe1+ 27. Kh2
Qxf2 28. Re5 Rxe5 29. Bxe5 Qxc2 30. Qe6+ Kf8 31. Qf6+ Ke8 32. Qh8+ Ke7 33. Qxh7+
Ke6 34. Bd4 Qf5 35. Qg8+ Qf7 36. Qc8+ Qd7 37. Qxd7+ Kxd7 38. Bxa7 Kd6 39. g4 Ke5
40. Kg3 Ke4 41. h4 Ke5 42. Bd4+ Ke6 43. Kf4 Kf7 44. Ke5 Ke7 45. Bc5+ Kf7 46. Kd6
Ke8 47. Kc7 b5 48. Kxc6 {Black resigns} 1-0

[Event "Team 45 45 League T100"]
[Site "Internet Chess Club"]
[Date "2024.05.18"]
[Round "1"]
[White "ChessG2011"]
[Black "sdcohle"]
[Result "0-1"]
[WhiteElo "1328"]
[BlackElo "1386"]
[Opening "French: advance variation"]
[ECO "C02"]
[Time "15:30:21"]
[PlyCount "126"]
[TimeControl "2700+45"]

1. e4 e6 2. d4 d5 3. e5 c5 4. c3 Bd7 5. Nf3 a6 6. g3 cxd4 7. cxd4 Bb5 8. Bxb5+
axb5 9. O-O b4 10. b3 Nc6 11. Nbd2 Nge7 12. Re1 Nf5 13. Nf1 Qb6 14. Bb2 Rc8 15.
Ne3 Nfe7 16. Qd2 Ng6 17. Rec1 Be7 18. h4 h5 19. Kg2 Qd8 20. Rg1 Nf8 21. Nc2 Nh7
22. Bc1 g5 23. hxg5 Rg8 24. Qd3 Nxg5 25. Bxg5 Bxg5 26. Qh7 Ne7 27. Nxb4 Kf8 28.
Qxh5 Nf5 29. Nxg5 Qxg5 30. Qxg5 Rxg5 31. Rh1 Ke7 32. Rhd1 Rh8 33. Nc2 Nh4+ 34.
Kf1 Nf3 35. Ke2 Nh2 36. Rh1 Rgh5 37. Ne3 f5 38. exf6+ Kxf6 39. Rag1 Kg5 40. f4+
Kg6 41. Rg2 Kf6 42. a4 Ke7 43. Rgg1 Kd7 44. Rc1 Rh3 45. g4 Rf3 46. Nf1 Rxb3 47.
Rc2 Rbh3 48. Nxh2 Rxh2+ 49. Rxh2 Rxh2+ 50. Kd3 Rh3+ 51. Kd2 Ra3 52. Rb2 Rxa4 53.
Rxb7+ Kc6 54. Re7 Rxd4+ 55. Ke3 Re4+ 56. Kd3 Kd6 57. Rg7 Rxf4 58. g5 Ke5 59. Rg8
Rg4 60. g6 Kf6 61. g7 Rxg7 62. Rf8+ Rf7 63. Rg8 Ke5 {White resigns} 0-1

[Event "Team 45 45 League T100"]
[Site "Internet Chess Club"]
[Date "2024.05.16"]
[Round "1"]
[White "Denis240964"]
[Black "smsxman"]
[Result "1-0"]
[WhiteElo "1335"]
[BlackElo "1310"]
[Opening "Giuoco Piano"]
[ECO "C50"]
[Time "12:00:17"]
[PlyCount "121"]
[TimeControl "2700+45"]

1. e4 e5 2. Nf3 Nc6 3. Bc4 Bc5 4. Nc3 a6 5. d3 b5 6. Bd5 Bb7 7. Bxc6 Bxc6 8.
Nxe5 Qf6 9. Nf3 h6 10. O-O Ne7 11. Re1 Ng6 12. Be3 Bxe3 13. Rxe3 O-O 14. e5 Qd8
15. d4 Nh4 16. d5 Bb7 17. a3 c6 18. Nxh4 Qxh4 19. Qf3 Qd8 20. d6 Rb8 21. Ne4 c5
22. Qh3 c4 23. Nc5 Bc8 24. Rg3 f6 25. Qxh6 Rf7 26. exf6 Qxf6 27. Qxf6 Rxf6 28.
Rd1 Rb6 29. Ne4 Re6 30. Re3 Bb7 31. Nc5 Rxe3 32. fxe3 Bc8 33. e4 Kf7 34. Rf1+
Kg6 35. e5 Rc6 36. Ne4 Bb7 37. Rf4 Rc8 38. h4 Bxe4 39. Rxe4 Kf5 40. Re1 Rc5 41.
Kf2 Rxe5 42. Rxe5+ Kxe5 43. Kf3 Kxd6 44. Kf4 Ke6 45. Kg5 Kf7 46. h5 d5 47. Kf5
d4 48. Ke4 Kf6 49. Kxd4 Kg5 50. Kc5 Kxh5 51. Kb6 g5 52. Kxa6 Kh4 53. Kxb5 Kg3
54. a4 Kxg2 55. a5 g4 56. a6 Kf3 57. a7 g3 58. a8=Q+ Kf2 59. Kxc4 g2 60. Qxg2+
Kxg2 61. b4 {Black resigns} 1-0

[Event "Team 45 45 League T100"]
[Site "Internet Chess Club"]
[Date "2024.05.18"]
[Round "1"]
[White "Valuablecustome"]
[Black "tamky70"]
[Result "0-1"]
[WhiteElo "1008"]
[BlackElo "1303"]
[Opening "Caro-Kann defense"]
[ECO "B10"]
[Time "14:00:30"]
[PlyCount "80"]
[TimeControl "2700+45"]

1. e4 c6 2. Nf3 g6 3. c3 Bg7 4. d4 d6 5. h3 Bd7 6. Be2 Na6 7. Bf4 Qb6 8. Qc2 Bh6
9. Be3 Bxe3 10. fxe3 Nf6 11. Bxa6 bxa6 12. O-O Qc7 13. e5 Nd5 14. Qe2 c5 15. Re1
cxd4 16. exd4 O-O 17. Qe4 Bc6 18. Qh4 Kg7 19. exd6 exd6 20. Nbd2 Nf6 21. a4 Rfe8
22. Rxe8 Rxe8 23. Re1 Bxf3 24. Rxe8 Nxe8 25. Nxf3 Nf6 26. Qf4 Qe7 27. Ne5 dxe5
28. Qxe5 Qxe5 29. dxe5 Nd5 30. Kf2 Kf8 31. Kf3 Ke7 32. Ke4 Ke6 33. c4 Nb4 34. b3
a5 35. g3 Nc6 36. h4 Nxe5 37. c5 Nc6 38. g4 f5+ 39. gxf5+ gxf5+ 40. Kf4 Kf6
{White resigns} 0-1

[Event "Team 45 45 League T100"]
[Site "Internet Chess Club"]
[Date "2024.05.18"]
[Round "1"]
[White "vollmerj"]
[Black "clarinetref"]
[Result "1-0"]
[WhiteElo "1535"]
[BlackElo "1496"]
[Opening "Réti: King's Indian attack"]
[ECO "A07"]
[Time "20:01:09"]
[PlyCount "61"]
[TimeControl "2700+45"]

1. Nf3 d5 2. g3 g6 3. Bg2 Bg7 4. c4 d4 5. O-O c5 6. d3 Nd7 7. e3 e5 8. exd4 exd4
9. Re1+ Ne7 10. Bf4 O-O 11. Bd6 Re8 12. Qe2 Bf6 13. Nbd2 Qb6 14. Bxe7 Rxe7 15.
Qd1 Rxe1+ 16. Qxe1 Nf8 17. Ne4 Bf5 18. b3 Bxe4 19. Qxe4 Ne6 20. Ne5 Bxe5 21.
Qxe5 Re8 22. Qd5 Rb8 23. Re1 Qd8 24. Qxd8+ Nxd8 25. Re7 Kf8 26. Rc7 b6 27. Rxa7
Ne6 28. Bd5 b5 29. Bxe6 fxe6 30. Rxh7 bxc4 31. Rh8+ {Black resigns} 1-0

[Event "Team 45 45 League T100"]
[Site "Internet Chess Club"]
[Date "2024.05.18"]
[Round "1"]
[White "herrahuu"]
[Black "isolani"]
[Result "0-1"]
[WhiteElo "1377"]
[BlackElo "1415"]
[Opening "Pirc: Ufimtsev-Pytel variation"]
[ECO "B07"]
[Time "12:00:23"]
[PlyCount "26"]
[TimeControl "2700+45"]

1. e4 d6 2. d4 Nf6 3. Nc3 c6 4. f3 e5 5. Be3 Be7 6. Qd2 Nbd7 7. O-O-O O-O 8. g4
exd4 9. Bxd4 Ne5 10. Kb1 Be6 11. h4 b5 12. h5 Qa5 13. g5 b4 {White resigns} 0-1

[Event "Team 45 45 League T100"]
[Site "Internet Chess Club"]
[Date "2024.05.17"]
[Round "1"]
[White "rjhoro"]
[Black "SeniorCitizen"]
[Result "1-0"]
[WhiteElo "1189"]
[BlackElo "1108"]
[Opening "Queen's pawn, Mason variation"]
[ECO "D00"]
[Time "11:01:16"]
[PlyCount "111"]
[TimeControl "2700+45"]

1. d4 d5 2. Bf4 a6 3. e3 e6 4. Nf3 Nf6 5. c3 Be7 6. Bd3 Nbd7 7. Nbd2 c5 8. O-O
c4 9. Bc2 b5 10. e4 dxe4 11. Nxe4 Bb7 12. Re1 Nxe4 13. Bxe4 Bxe4 14. Rxe4 Nf6
15. Re2 O-O 16. Ne5 Qd5 17. Re3 Nd7 18. Rg3 Bf6 19. Ng4 Rad8 20. Nxf6+ Nxf6 21.
Bg5 Ne4 22. Bxd8 Nxg3 23. Bc7 Nf5 24. Qg4 Nh6 25. Qg3 Qf5 26. Be5 Qg4 27. Qxg4
Nxg4 28. Bd6 Rd8 29. Bb4 Rd7 30. a4 g6 31. axb5 axb5 32. Ra5 Rb7 33. Bd6 Kg7 34.
h3 Rd7 35. hxg4 Rxd6 36. Rxb5 Rc6 37. b4 cxb3 38. Rxb3 Rc4 39. f3 Kf6 40. f4 g5
41. g3 Kg6 42. Kf2 f5 43. gxf5+ Kxf5 44. Rb5+ Kg4 45. Rxg5+ Kh3 46. Rc5 Ra4 47.
Rh5+ Kg4 48. Rxh7 Ra2+ 49. Ke3 Kxg3 50. Rg7+ Kh4 51. Kd3 Rf2 52. Re7 Rxf4 53.
Rxe6 Rf3+ 54. Re3 Rf1 55. Kc4 Rf4 56. Kc5 {Black resigns} 1-0

[Event "Team 45 45 League T100"]
[Site "Internet Chess Club"]
[Date "2024.05.17"]
[Round "1"]
[White "thundercat1"]
[Black "kabubi"]
[Result "1/2-1/2"]
[WhiteElo "1013"]
[BlackElo "1174"]
[Opening "Van't Kruijs opening"]
[ECO "A00"]
[Time "21:00:17"]
[PlyCount "127"]
[TimeControl "2700+45"]

1. e3 e5 2. Bc4 d5 3. Bb3 Nf6 4. d4 Bb4+ 5. c3 Ba5 6. Nf3 exd4 7. Nxd4 O-O 8.
Nf3 Bf5 9. Bc2 Ne4 10. b4 Bb6 11. O-O Re8 12. Ba4 c6 13. Bb2 Qe7 14. Bc2 Nd7 15.
Nbd2 Rad8 16. a4 a6 17. a5 Bc7 18. Ba3 b5 19. Nb3 Bd6 20. Qd4 c5 21. bxc5 Ndxc5
22. Bb2 Be5 23. Nxe5 Nxb3 24. Bxb3 Qxe5 25. Rad1 Nf6 26. Qxe5 Rxe5 27. c4 Re4
28. Bxf6 gxf6 29. Rd3 bxc4 30. Bxc4 Rxc4 31. Rb3 Bd3 32. Rxd3 Rc5 33. Ra3 Kf8
34. Rb1 Rd6 35. Rd1 f5 36. f4 Rc2 37. Rb3 Rg6 38. g3 h5 39. Rxd5 h4 40. Rxf5
hxg3 41. Rb8+ Kg7 42. Rg5 gxh2+ 43. Kh1 Rxg5 44. fxg5 Kg6 45. Rb6+ Kg7 46. Rxa6
Rc1+ 47. Kxh2 Rc2+ 48. Kg3 Rc3 49. Kf4 Rc4+ 50. e4 Ra4 51. Kf5 Ra3 52. Ra7 Rf3+
53. Kg4 Re3 54. Kf4 Re1 55. a6 Rf1+ 56. Kg4 Kg6 57. Rb7 Rg1+ 58. Kf4 Rf1+ 59.
Kg4 Rg1+ 60. Kf4 Rf1+ 61. Kg4 Rg1+ 62. Kf4 Rf1+ 63. Kg4 Rg1+ 64. Kf4 {Game drawn
by repetition} 1/2-1/2

[Event "Team 45 45 League T100"]
[Site "Internet Chess Club"]
[Date "2024.05.17"]
[Round "1"]
[White "mongmong"]
[Black "DaveTheRook"]
[Result "1-0"]
[WhiteElo "1441"]
[BlackElo "1438"]
[Opening "Queen's pawn: Yusupov-Rubinstein system"]
[ECO "A46"]
[Time "17:02:01"]
[PlyCount "87"]
[TimeControl "2700+45"]

1. d4 Nf6 2. Nf3 e6 3. e3 b6 4. Bd3 Bb7 5. O-O Be7 6. Nbd2 d5 7. b3 O-O 8. Bb2
Nbd7 9. c4 c5 10. Rc1 Rc8 11. Qe2 Re8 12. Rfd1 cxd4 13. Nxd4 Nc5 14. Bb1 a6 15.
h3 Rc7 16. cxd5 e5 17. Nf5 Qxd5 18. Nxe7+ Rcxe7 19. e4 Qe6 20. f3 a5 21. Nc4 Ba6
22. Qf2 Bxc4 23. Rxc4 Rd7 24. Rcc1 Red8 25. Rxd7 Qxd7 26. Bxe5 Qe7 27. Bb2 Qd6
28. Ba3 Qf4 29. Qe1 Ne6 30. Rd1 Rxd1 31. Qxd1 Qe3+ 32. Kh1 Nh5 33. Bd6 Qd4 34.
Qxd4 Nxd4 35. Bc7 Ng3+ 36. Kg1 Nge2+ 37. Kf2 Nc3 38. Bxb6 Nxb1 39. Bxd4 Na3 40.
Bb6 a4 41. bxa4 Nc4 42. a5 Nd6 43. a6 Nc8 44. Be3 {Black resigns} 1-0

[Event "Team 45 45 League T100"]
[Site "Internet Chess Club"]
[Date "2024.05.18"]
[Round "1"]
[White "garytd"]
[Black "tightfist"]
[Result "0-1"]
[WhiteElo "1498"]
[BlackElo "1494"]
[Opening "French: Rubinstein variation"]
[ECO "C03"]
[Time "11:09:42"]
[PlyCount "66"]
[TimeControl "2700+45"]

1. e4 e6 2. d4 d5 3. Nd2 dxe4 4. Nxe4 Nd7 5. Nf3 Ngf6 6. Bd3 Nxe4 7. Bxe4 Nf6 8.
Bd3 Bd6 9. Bg5 O-O 10. Qd2 Be7 11. h4 c5 12. Bh6 Re8 13. O-O-O cxd4 14. Nxd4 Bd7
15. Qg5 Bf8 16. Qg3 Kh8 17. Bg5 Be7 18. Qf3 Qc7 19. h5 e5 20. Nf5 Bc6 21. Qg3
Rac8 22. Nxe7 Qxe7 23. h6 Kg8 24. hxg7 Qe6 25. Bxf6 e4 26. Qh4 Qf5 27. Bc4 Qg6
28. Rh2 Ba4 29. Rd2 Rxc4 30. b3 e3 31. Re2 Rxh4 32. Rxh4 Qxf6 33. Rxa4 Qa1#
{White checkmated} 0-1